 Dungeon Crawl Stone Soup version 0.29-a0-340-g6efceafd81 (webtiles) character file.

Game seed: 16784440615646927696

597 zishaf the Frost Mage (level 7, -3/55 HPs)
             Began as a Barachi Ice Elementalist on Apr 19, 2022.
             Slain by a phantom (5 damage)
             ... on level 3 of the Dungeon.
             The game lasted 00:06:58 (4009 turns).

zishaf the Frost Mage (Barachi Ice Elementalist)    Turns: 4009, Time: 00:06:59

Health: -3/55      AC:  3    Str:  9    XL:     7   Next: 40%
Magic:  0/11       EV: 12    Int: 18    God:
Gold:   122        SH:  0    Dex: 12    Spells: 5/12 levels left

rFire   . . .      SeeInvis .   j - +0 spear (venom)
rCold   . . .      Faith    .   (no shield)
rNeg    . . .      Spirit   .   a - +0 robe
rPois   .          Reflect  .   (no helmet)
rElec   .          Harm     .   (no cloak)
rCorr   .          Rampage  .   (no gloves)
Will    .....                   g - +0 pair of boots
Stlth   ++........              (no amulet)
HPRegen 0.18/turn               (no ring)
MPRegen 0.12/turn               (no ring)

@: unable to hop, freezing walls, flying, slow
A: amphibious, slowness 1, strong legs 1, +LOS
a: Hop


You were on level 3 of the Dungeon.
You visited 1 branch of the dungeon, and saw 4 of its levels.

You collected 122 gold pieces.

Inventory:

Hand Weapons
 j - a +0 spear of venom (weapon)
Missiles
 h - 3 poisoned darts
 p - a throwing net
Armour
 a - a +0 robe (worn)
 g - a +0 pair of boots (worn)
Jewellery
 i - an amulet of reflection
 r - a +6 ring of strength
Scrolls
 c - 2 scrolls of amnesia {unknown}
 d - a scroll of magic mapping {unknown}
 e - 4 scrolls of immolation {unknown}
 k - a scroll of holy word {unknown}
 l - a scroll of fear {unknown}
 m - a scroll of teleportation {unknown}
 o - a scroll of blinking {unknown}
 q - a scroll of summoning {unknown}
Potions
 b - a potion of magic
 f - 2 potions of heal wounds


   Skills:
 + Level 4.7 Fighting
 - Level 2.1 Dodging
 - Level 1.7 Stealth
 - Level 3.0 Spellcasting
 * Level 8.9 Ice Magic


You had 5 spell levels left.
You knew the following spells:

 Your Spells              Type           Power      Damage    Failure   Level
a - Freeze                Ice            100%       1d11      1%          1
b - Frozen Ramparts       Ice            68%        1d8       1%          3
c - Ozocubu's Armour      Ice            34%        N/A       1%          3

Your spell library contained the following spells:

 Spells                   Type           Power      Damage    Failure   Level
 Ensorcelled Hibernation  Hex/Ice        36%        N/A       4%          2
 Sandblast                Erth           4%         2d4       16%         1
 Passwall                 Tmut/Erth      1%         N/A       24%         2
 Hailstorm                Conj/Ice       18%        3d6       26%         4
 Dazzling Flash           Conj/Hex       4%         N/A       43%         3
 Spider Form              Tmut/Pois      2%         N/A       43%         3
 Stone Arrow              Conj/Erth      4%         3d7       43%         3
 Anguish                  Hex/Necr       1%         N/A       85%         4
 Agony                    Necr           2%         N/A       99%         5
 Silence                  Hex/Air        1%         N/A       99%         5


Dungeon Overview and Level Annotations

Branches:
Dungeon (4/15)
 Temple: D:4-7

Altars:
Makhleb
Okawaru

Shops:
D:4 ?


Innate Abilities, Weirdness & Mutations

You are amphibious.
You cover ground slowly.
You can hop short distances.
You have an extended range of vision and can be seen from far away.


Message History

You punch the phantom, but do no damage.
The phantom is severely damaged.
The phantom hits you.
* * * LOW HITPOINT WARNING * * *
The phantom blinks!
You blink.
You barely miss the phantom.
The phantom is severely damaged.
The phantom hits you.
* * * LOW HITPOINT WARNING * * *
Hop to where?
Press: ? - help, Dir - move target, p - phantom Boing!
Casting: Freeze (safe; 1% risk of failure)
Confirm with . or Enter, or press ? or * to list all spells.
Casting: Frozen Ramparts (safe; 1% risk of failure)
Press: ? - help, Dir - look around, f - activate The walls around you are covered in ice.
The phantom resists.
The wall freezes the phantom.
Casting: Frozen Ramparts (safe; 1% risk of failure)
Confirm with . or Enter, or press ? or * to list all spells.
Aiming: Freeze (safe; 1% risk of failure)
Press: ? - help, Shift-Dir - straight line, f - phantom
Aim: a phantom (severely damaged)
You freeze the phantom.
The phantom resists.
The phantom is severely damaged.
The phantom completely resists.
The wall freezes the phantom but does no damage.
The phantom barely misses you.
You aren't carrying any items that you can evoke.
It was a potion of flight.
You feel very buoyant.
You fly up into the air.
The phantom resists.
The wall freezes the phantom.
The phantom hits you!
* * * LOW HITPOINT WARNING * * *
You hit the phantom but do no damage.
The phantom is almost destroyed.
The phantom completely resists.
The wall freezes the phantom but does no damage.
The phantom hits you.
You die...

########### #.........#
#.........# ######
##.........#
##....##########..........#
####..##.......#..........####
##...###.........#........#
.#.###.#.......W##..>.....#
.).....#........@.........#
##..####.............)....#
##....##..................#
#.....##........##........#
......##........###########
......#.......#.#
..............#.#######
..............#.......#
......#.......#.......#


You could see a phantom.

Vanquished Creatures
  Sigmund (D:2)
  A scorpion (D:4)
  3 orc priests (D:3)
  Natasha (thrice) (D:3)
  2 orc wizards (D:3)
  4 gnolls (D:3)
  4 adders
  A worm (D:3)
  3 dart slugs
  15 orcs
  6 ball pythons
  7 endoplasms
  A giant cockroach (D:1)
  5 goblins
  3 hobgoblins
  8 jackals
  4 kobolds
  3 quokkas
  4 bats
  4 frilled lizards
  3 rats
85 creatures vanquished.

Notes
Turn   | Place    | Note
-------+----------+-------------------------------------------
     0 | D:1      | zishaf the Barachi Ice Elementalist began the quest for the
                  | Orb.
     0 | D:1      | Reached XP level 1. HP: 13/13 MP: 3/3
    30 | D:1      | Reached skill level 5 in Ice Magic
   347 | D:1      | You fall into a shaft and drop 1 floor!
   359 | D:2      | Reached skill level 1 in Fighting
   359 | D:2      | Reached XP level 2. HP: 21/21 MP: 3/5
   734 | D:1      | Reached XP level 3. HP: 25/26 MP: 3/6
   738 | D:1      | Learned a level 3 spell: Frozen Ramparts
  1413 | D:2      | Reached skill level 6 in Ice Magic
  1481 | D:2      | Reached XP level 4. HP: 33/33 MP: 5/7
  1791 | D:2      | Found a burning altar of Makhleb.
  1872 | D:2      | Noticed Sigmund
  1878 | D:2      | Killed Sigmund
  1879 | D:2      | Reached skill level 7 in Ice Magic
  1879 | D:2      | Reached XP level 5. HP: 36/41 MP: 4/9
  1879 | D:2      | Reached XP level 6. HP: 41/47 MP: 4/10
  1885 | D:2      | Learned a level 3 spell: Ozocubu's Armour
  2807 | D:3      | Noticed Natasha
  2815 | D:3      | Killed Natasha
  2816 | D:3      | Reached skill level 8 in Ice Magic
  2824 | D:3      | Noticed Natasha
  3154 | D:3      | Killed Natasha
  3155 | D:3      | Reached XP level 7. HP: 39/54 MP: 3/11
  3210 | D:3      | Noticed Natasha
  3221 | D:3      | Killed Natasha
  3699 | D:3      | Found an iron altar of Okawaru.
  3961 | D:4      | Found Waefam's Magic Scroll Shop.
  4008 | D:3      | HP: 2/55 [phantom (7)]
  4009 | D:3      | Slain by a phantom

Illustrated notes

Levels and vault maps discovered:
D:1:      minmay_arrival_stone_box, layout_loops_ring
D:2:      layout_basic, basic_altar, st_stairs_12, uniq_sigmund
D:3:      layout_rooms, marbit_many_paths, uniq_natasha
D:4:      layout_basic, serial_shops, nicolae_stop_n_shop_2

Skill      XL: |  1  2  3  4  5  6 |
---------------+-------------------+-----
Ice Magic      | 5 6 7 8 |  8.9
Fighting       | 1 2 3 4 |  4.7
Spellcasting   | 3 |  3.0
Dodging        | |  2.1
Stealth        | |  1.7

Action                   |  1- 3 |  4- 6 |  7- 9 || total
-------------------------+-------+-------+-------++-------
Melee: Unarmed           |     3 |     2 |       ||     5
       Spear             |       |    11 |    55 ||    66
       Punch             |       |       |     1 ||     1
 Cast: Freeze            |    46 |    33 |    10 ||    89
       Frozen Ramparts   |       |    10 |     5 ||    15
 Abil: Hop               |       |     1 |     2 ||     3
  Use: Potion            |       |       |     2 ||     2
 Stab: Sleeping          |       |       |     1 ||     1
Armor: Robe              |     6 |     8 |     8 ||    22
Dodge: Dodged            |    21 |    40 |    28 ||    89

Table legend: (Time is in decaauts)
 A = Elapsed time spent in this place.
 B = Non-inter-level travel time spent in this place.
 C = Inter-level travel time spent in this place.
 D = Time resting spent in this place.
 E = Time spent auto-exploring this place.
 F = Levels seen in this place.
 G = Mean time per level.
                   A        B        C        D        E       F      G
               +--------+--------+--------+--------+--------+-----+--------+
         Total |   4400 |   4202 |    198 |    950 |   2432 |   4 | 1100.0 |
       Dungeon |   4400 |   4202 |    198 |    950 |   2432 |   4 | 1100.0 |
               +--------+--------+--------+--------+--------+-----+--------+

Top non-repeatable levels by time:
     D:3: 1597 daAuts
     D:2: 1485 daAuts
     D:1: 1280 daAuts
     D:4: 37 daAuts
